AoeStats
← Cactusman

African Clearing

505060348Analyzed
2v2 RM · 26d ago on Sep 7, 2026· 26m 22s· 4 players
Game mode
Random Map
Map size
Medium (4 player)
Population
200
Speed
Normal
Resources
Standard
Victory
Conquest
Starting age
Dark Age
Ending age
Imperial Age
RankedLock teamsTeams togetherTeam positionsShared explorationLock speedFull tech treeHidden civsTurbo modeCheats
Victory
Defeat
🇺🇸 Persians · United States
1235
+15
🇨🇦 Dravidians · Canada
1163
+17
🇳🇱 Japanese · Netherlands
1208
-16
🇦🇷 Inca · Argentina
1197
-16
The Red-Shanked Duke
6:06 Loom
12:27 Loom
14:48 Feudal Age
15:14 Champi Runner
16:25 Fletching
17:53 Scale Mail Armor
25:01 Castle Age
BenBouten4
4:06 Loom
13:50 Feudal Age
14:16 Town Watch
13:52 Man-at-Arms
17:03 Forging
22:33 Wheelbarrow
21:51 Arson
Naattt
7:17 Loom
12:22 Feudal Age
14:13 Forging
Cactusman
4:23 Loom
12:13 Feudal Age
14:13 Double-Bit Axe
23:46 Castle Age
23:17 Bloodlines
24:31 Scale Barding Armor
24:38 Forging
24:42 Bow Saw
24:51 Husbandry
Connection lost

Rejoining the realm…

Still unreachable

The connection could not be restored.

Session expired

The server has moved on; the page needs a fresh start.